 Dungeon Crawl Stone Soup version 0.30-a0-782-ge64f9170bb (webtiles) character file.

Game seed: 15706595950321072408

8 Iscandelvey the Vexing (level 2, 21/21 HPs)
             Began as a Demonspawn Hexslinger on Feb 25, 2023.
             Quit the game on level 1 of the Dungeon.
             The game lasted 00:00:20 (123 turns).

Iscandelvey the Vexing (Demonspawn Hexslinger)       Turns: 123, Time: 00:00:21

Health: 21/21      AC:  2    Str: 10    XL:     2   Next: 0%
Magic:  3/3        EV: 12    Int: 14    God:
Gold:   0          SH:  0    Dex: 13    Spells: 2/3 levels left

rFire   . . .      SeeInvis .    a - +1 sling
rCold   . . .      Faith    .    (no shield)
rNeg    . . .      Spirit   .    c - +0 robe
rPois   .          Reflect  .    (no helmet)
rElec   .          Harm     .    (no cloak)
rCorr   .          Rampage  .    (no gloves)
Will    .....                    (no boots)
Stlth   +                        (no amulet)
HPRegen 0.23/turn                (no ring)
MPRegen 0.08/turn                (no ring)

@: no status effects
A: foul stench 1
a: no special abilities


You were on level 1 of the Dungeon.
You visited 1 branch of the dungeon, and saw 1 of its levels.

Inventory:

Hand Weapons
 a - a +1 sling (weapon)
Armour
 c - a +0 robe (worn)
Jewellery
 d - a ring of poison resistance
Scrolls
 b - a scroll of poison
 e - a scroll of vulnerability {unknown}


   Skills:
 + Level 1.2 Fighting
 + Level 1.9 Ranged Weapons
 + Level 1.9 Dodging
 + Level 1.2 Spellcasting
 + Level 3.1 Hexes


You had 2 spell levels left.
You knew the following spells:

 Your Spells              Type           Power      Damage    Failure   Level
a - Slow                  Hex            36%        N/A       7%          1

Your spell library contained the following spells:

 Spells                   Type           Power      Damage    Failure   Level
 Apportation              Tloc           0%         N/A       26%         1
 Necrotise                Necr           0%         1d4       26%         1
 Summon Small Mammal      Summ           0%         N/A       26%         1
 Inner Flame              Hex/Fire       5%         N/A       38%         3
 Portal Projectile        Hex/Tloc       10%        N/A       38%         3
 Cause Fear               Hex            4%         N/A       56%         4


Dungeon Overview and Level Annotations

Branches:
Dungeon (1/15)

Altars:


Innate Abilities, Weirdness & Mutations

You may rarely emit foul miasma when damaged in melee.


Message History

You shoot a sling bullet.
The sling bullet barely misses the quokka.
The quokka bites you but does no damage.
You shoot a sling bullet.
The sling bullet barely misses the quokka.
The quokka closely misses you. x2
You shoot a sling bullet.
The sling bullet barely misses the quokka.
The quokka barely misses you. The quokka closely misses you.
You shoot a sling bullet.
The sling bullet closely misses the quokka.
The quokka bites you.
You shoot a sling bullet. The sling bullet hits the quokka.
You kill the quokka!
No target in view!
HP restored.
You pick up a book of Cantrips and begin reading...
You add the spells Necrotise, Summon Small Mammal and Apportation to your library.
A frilled lizard and a hobgoblin come into view.
The frilled lizard hisses angrily.
The hobgoblin moves out of view.
You shoot a sling bullet.
The sling bullet hits the frilled lizard.
You kill the frilled lizard!
No target in view!
A ball python comes into view.
Found a smoky blue potion.
You shoot a sling bullet. The sling bullet hits the ball python.
You kill the ball python!
No target in view!
Okay, then.
A hobgoblin and a quokka come into view.
Found a stone staircase leading down.
The hobgoblin shouts!
You shoot a sling bullet. The sling bullet hits the quokka.
You kill the quokka!
You have reached level 2!
Your demonic ancestry asserts itself...
You begin to emit a foul stench of rot and decay.
Are you sure you want to abandon this character and quit the game? (Confirm with "yes".)

♣♣♣♣P♣♣♣♣ ....
#.# ♣♣♣.##......
#.## .†... #.#
#..# ..g..##.####
##.#
...........####.#
..#.............#
...†........†####
.............#
...!...@.....#
............##
.......#..>.#
.##.##..###.# ..
.#. #.# .. ....
.# > ...!. ...


You could see a hobgoblin.

Vanquished Creatures
  A bat (D:1)
  An endoplasm (D:1)
  A goblin (D:1)
  2 quokkas (D:1)
  A ball python (D:1)
  A frilled lizard (D:1)
7 creatures vanquished.

Notes
Turn   | Place    | Note
-------+----------+-------------------------------------------
     0 | D:1      | Iscandelvey the Demonspawn Hexslinger began the quest for
                  | the Orb.
     0 | D:1      | Reached XP level 1. HP: 15/15 MP: 2/2
   123 | D:1      | Gained mutation: You may rarely emit foul miasma when
                  | damaged in melee. [demonic ancestry]
   123 | D:1      | Reached XP level 2. HP: 21/21 MP: 3/3
   123 | D:1      | Quit the game

Illustrated notes

Levels and vault maps discovered:
D:1:      nagdon_arrival_double_spiral, layout_rooms, serial_shops,
          nicolae_shop_behind_doors

Action                     || total
---------------------------++-------
   Fire: Sling             ||    15
 Armour: Robe              ||     1
  Dodge: Dodged            ||     5

Table legend: (Time is in decaauts)
 A = Elapsed time spent in this place.
 B = Non-inter-level travel time spent in this place.
 C = Inter-level travel time spent in this place.
 D = Time resting spent in this place.
 E = Time spent auto-exploring this place.
 F = Levels seen in this place.
 G = Mean time per level.
                   A        B        C        D        E       F      G
               +--------+--------+--------+--------+--------+-----+--------+
         Total |    161 |    161 |      0 |      0 |    131 |   1 |  161.0 |
       Dungeon |    161 |    161 |      0 |      0 |    131 |   1 |  161.0 |
               +--------+--------+--------+--------+--------+-----+--------+

Top non-repeatable levels by time:
     D:1: 161 daAuts
